 Dungeon Crawl Stone Soup version 0.29-a0-1027-gcd8c55af63 (webtiles) character file.

Game seed: 3613071109721724430

157 greenreed the Cudgeller (level 5, -1/39 (46) HPs)
             Began as a Minotaur Monk on Aug 12, 2022.
             Slain by a hornet (13 damage)
             ... on level 4 of the Dungeon.
             The game lasted 00:04:22 (3520 turns).

greenreed the Cudgeller (Minotaur Monk)             Turns: 3520, Time: 00:04:23

HP:   -1/39 (46)    AC: 10    Str: 17    XL:     5   Next: 15%
MP:   4/4           EV:  8    Int: 10    God:
Gold: 112           SH:  0    Dex: 13    Spells: 4/4 levels left

rFire   . . .      SeeInvis .   r - +4 whip
rCold   . . .      Faith    .   (no shield)
rNeg    . . .      Spirit   .   j - +0 chain mail
rPois   .          Reflect  .   q - +2 hat {Int+3}
rElec   .          Harm     .   k - scarf {+Inv}
rCorr   .          Rampage  .   (no gloves)
Will    .....                   (no boots)
Stlth   ..........              (no amulet)
HPRegen 0.13/turn               (no ring)
MPRegen 0.09/turn               (no ring)

@: slowed, heavily drained, very slow
A: horns 2, retaliatory headbutt
a: Evoke Invisibility


You were on level 4 of the Dungeon.
You visited 1 branch of the dungeon, and saw 4 of its levels.

You collected 112 gold pieces.

Inventory:

Hand Weapons
 a - a +0 mace
 r - a +4 whip (weapon)
Missiles
 l - 4 poisoned darts (quivered)
Armour
 b - a +0 robe
 j - a +0 chain mail (worn)
 k - a scarf of invisibility (worn)
 q - a +2 hat of intelligence (worn)
Scrolls
 e - 4 scrolls of teleportation {unknown}
 h - a scroll of enchant armour {unknown}
 m - a scroll of brand weapon {unknown}
 n - a scroll of immolation {unknown}
 o - a scroll of amnesia {unknown}
 p - 3 scrolls of identify {unknown}
Potions
 c - 2 potions of ambrosia
 d - a potion of degeneration {unknown}
 f - 3 potions of curing {unknown}
 g - a potion of might
 i - a potion of lignification {unknown}


   Skills:
 + Level 4.2 Fighting
 + Level 5.0 Maces & Flails
 + Level 1.2 Armour
 + Level 4.3 Dodging
 + Level 2.4 Stealth


You had 4 spell levels left.
You didn't know any spells.
Your spell library was empty.

Dungeon Overview and Level Annotations

Branches:
Dungeon (4/15)
 Temple: D:4-7

Altars:
Qazlal
Sif Muna


Innate Abilities, Weirdness & Mutations

You have a pair of horns on your head.
You reflexively headbutt those who attack you in melee.


Message History

The hobgoblin shouts!
You whack the ball python!
You kill the ball python!
You see here a ball python corpse.
The hobgoblin barely misses you.
You hit the hobgoblin but do no damage. The hobgoblin closely misses you.
You whack the hobgoblin!
You kill the hobgoblin!
No target in view!
You now have 112 gold pieces (gained 17).
You see here a hobgoblin corpse.
Done exploring.
Done exploring.
No target in view!
There is a stone staircase leading down here.
You climb downwards.
Found a lumpy brown potion.
Found a stone staircase leading up.
There is a stone staircase leading up here.
An orc comes into view. It is wielding a +0 flail.
The orc shouts!
A hornet comes into view.
Found a ruby potion and 2 fuming yellow potions.
You closely miss the orc. You barely miss the orc. The orc closely misses you.
You closely miss the hornet. Your headbutt misses the hornet.
The hornet stings you.
You feel yourself slow down. The orc hits you but does no damage.
You hit the orc.
The orc is heavily wounded.
You feel yourself speed up. The hornet stings you!
You feel yourself slow down. The orc closely misses you.
The hornet completely misses you.
You completely miss the orc. You headbutt the orc.
You kill the orc!
The hornet barely misses you.
The hornet stings you but does no damage.
You barely miss the hornet. The hornet stings you!
You feel as though you will be slow longer.
The hornet stings you!
You die...

.. ...............
..................
.... #.#.<.......
..... #.........#.
......#.........#
#..............#
#.............##
...#.!.........#
..........@)..##
#........y#......
######....##...#.
##.... ..## ......
# ....#...
......... #.!#..
!..


You could see a hornet.

Vanquished Creatures
  Jessica (D:2)
  An orc wizard (D:3)
  3 gnolls
  2 adders
  2 dart slugs
  3 orcs
  2 endoplasms
  2 goblins
  7 hobgoblins
  7 kobolds
  A quokka (D:2)
  11 ball pythons
  5 bats
  5 frilled lizards
  3 rats
55 creatures vanquished.

Notes
Turn   | Place    | Note
-------+----------+-------------------------------------------
     0 | D:1      | greenreed the Minotaur Monk began the quest for the Orb.
     0 | D:1      | Reached XP level 1. HP: 19/19 MP: 0/0
   135 | D:1      | Reached XP level 2. HP: 27/27 MP: 1/1
   270 | D:1      | Reached skill level 4 in Maces & Flails
  1066 | D:2      | Reached XP level 3. HP: 28/33 MP: 2/2
  1429 | D:2      | Found a faded altar of an unknown god.
  1511 | D:2      | Noticed Jessica
  1515 | D:2      | Killed Jessica
  1516 | D:2      | Reached XP level 4. HP: 38/40 MP: 3/3
  2221 | D:3      | Found a shimmering blue altar of Sif Muna.
  2610 | D:3      | Found a stormy altar of Qazlal.
  3282 | D:3      | Reached skill level 5 in Maces & Flails
  3282 | D:3      | Reached skill level 1 in Armour
  3282 | D:3      | Reached XP level 5. HP: 25/39 MP: 4/4
  3513 | D:4      | Noticed a hornet
  3520 | D:4      | Slain by a hornet

Illustrated notes

Levels and vault maps discovered:
D:1:      nicolae_arrival_somewhat_less_tricky_arrival, layout_loops_ring
D:2:      layout_loops_corners, shapermc_ecumenical_altar_notcrosses,
          uniq_jessica
D:3:      layout_loops_ring, nicolae_qazlal_scattered_showers,
          mainiacjoe_overflow_small_starburst
D:4:      layout_cave_pools, uniq_duvessa

Skill      XL: |  1  2  3  4 |
---------------+-------------+-----
Maces & Flails | 4 5 |  5.0
Fighting       | 4 |  4.2
Dodging        | 4 |  4.3
Stealth        | 2 |  2.4
Armour         | 1 |  1.2

Action                   |  1- 3 |  4- 6 || total
-------------------------+-------+-------++-------
Melee: Mace              |    59 |    45 ||   104
       Headbutt          |     6 |    13 ||    19
       Whip              |       |    27 ||    27
       Punch             |       |     1 ||     1
 Stab: Distracted        |     3 |       ||     3
       Sleeping          |     3 |       ||     3
Armor: Robe              |     8 |       ||     8
       Chain mail        |       |    35 ||    35
Dodge: Dodged            |    42 |    43 ||    85

Table legend: (Time is in decaauts)
 A = Elapsed time spent in this place.
 B = Non-inter-level travel time spent in this place.
 C = Inter-level travel time spent in this place.
 D = Time resting spent in this place.
 E = Time spent auto-exploring this place.
 F = Levels seen in this place.
 G = Mean time per level.
                   A        B        C        D        E       F      G
               +--------+--------+--------+--------+--------+-----+--------+
         Total |   3537 |   3414 |    123 |    317 |   2662 |   4 |  884.2 |
       Dungeon |   3537 |   3414 |    123 |    317 |   2662 |   4 |  884.2 |
               +--------+--------+--------+--------+--------+-----+--------+

Top non-repeatable levels by time:
     D:2: 1489 daAuts
     D:1: 1058 daAuts
     D:3: 978 daAuts
     D:4: 11 daAuts
